 Dungeon Crawl Stone Soup version 0.32-a0-685-g93135e86f0 (webtiles) character file.

Game seed: 17900336452186982053

16 Shayle the Apothecary (level 2, 0/21 HPs)
             Began as a Coglin Alchemist on Mar 12, 2024.
             Slain by a goblin
             ... wielding a +0 club
             ... led by Robin
              (3 damage)
             ... on level 1 of the Dungeon on Mar 13, 2024.
             The game lasted 00:04:21 (1194 turns).

Shayle the Apothecary (Coglin Alchemist)            Turns: 1194, Time: 00:04:24

Health: 0/21       AC:  3    Str:  6 (8)  XL:     2   Next: 58%
Magic:  4/4        EV: 12    Int: 13 (14) God:
Gold:   41         SH:  0    Dex: 13 (14) Spells: 3/4 levels left

rFire   . . .        d - +0 dagger {Synnove}
rCold   . . .        (no shield)
rNeg    . . .        a - +0 robe
rPois   .            (no helmet)
rElec   .            (no cloak)
rCorr   .            e - +0 pair of gloves
SInv    .            (no boots)
Will    .....        (amulet unavailable)
Stlth   ++           (ring unavailable)
HPRegen 0.23/turn    (ring unavailable)
MPRegen 0.09/turn    (no gizmo)

%: no passive effects
@: no status effects
A: off-hand wielding, slow wielding, warmup strikes, no jewellery
a: Invent Gizmo


You were on level 1 of the Dungeon.
You visited 1 branch of the dungeon, and saw 2 of its levels.

You collected 41 gold pieces.

Inventory:

Hand Weapons
 d - a +0 dagger (weapon) {Synnove}
Armour
 a - a +0 robe (worn)
 e - a +0 pair of gloves (worn)
 g - a +2 ring mail of fire resistance
Scrolls
 f - 4 scrolls of vulnerability {unknown}
Potions
 b - a potion of magic
 h - a potion of curing {unknown}


   Skills:
 + Level 1.4 Fighting
 + Level 1.2 Ranged Weapons
 - Level 1.7 Dodging
 - Level 1.5 Stealth
 - Level 1.7 Spellcasting
 - Level 0.8 Conjurations
 - Level 3.2 Alchemy


You had 3 spell levels left.
You knew the following spells:

 Your Spells              Type           Power      Damage    Failure   Level
a - Sting                 Conj/Alch      24%        1d4       11%         1

Your spell library contained the following spells:

 Spells                   Type           Power      Damage    Failure   Level
 Mercury Vapours          Alch/Air       10%        N/A       21%         2
 Mephitic Cloud           Conj/Alch/Air  4%         N/A       41%         3
 Olgreb's Toxic Radiance  Alch           9%         N/A       56%         4
 Sticky Flame             Fire/Alch      5%         2d4       78%         4


Dungeon Overview and Level Annotations

Branches:
Dungeon (2/15)

Altars:

Annotations:
D:1 Robin


Innate Abilities, Weirdness & Mutations

You can wield a second weapon in your off-hand.
It takes a long time for you to wield or remove held weapons.
Your first few attacks do less damage.
You cannot equip rings or amulets.


Message History

You feel less resistant to fire.
You start putting on your armour.
You continue putting on your +0 robe. x5
You finish putting on your +0 robe.
Things that are here:
a +0 dagger; a goblin corpse
There is a stone staircase leading down here.
As you open the door, it creaks loudly!
There is an open door here.
There is an open door here.
There is a stone staircase leading down here.
You climb downwards.
Level annotation: Robin The goblin shouts!
You hear a shout!
The goblin shouts!
You hear a shout!
The goblin shouts!
You hear a shout!
Robin roars a battlecry!
The goblins go into a battle-frenzy!
A goblin comes into view. It is wielding a +0 club.
A goblin comes into view. It is wielding a +0 dagger.
The goblin hits you with a +0 club.
Robin says, "Bow before me, strongest of all the hobgoblins!"
The goblin hits you with a +0 club. The goblin closely misses you.
The goblin hits you with a +0 club.
There is a stone staircase leading up, spattered with blood here.
Okay, then.
Okay, then.
Unknown command.
Robin hits you but does no damage. The goblin hits you with a +0 club.
* * * LOW HITPOINT WARNING * * *
The goblin completely misses you. The goblin hits you but does no damage.
You climb upwards.
There is a stone staircase leading down here.
Unknown command.
It was a potion of degeneration.
There was something very wrong with that liquid.
You feel weakened.
You feel dopey.
You feel clumsy. The goblin hits you but does no damage.
Robin throws the goblin at you! The goblin hits you with a +0 dagger.
* * * LOW HITPOINT WARNING * * *
The goblin hits you with a +0 club.
You die...

#.#........#.#...####
#.#..................
#.##..##.............
#)##.................
#.##..##.###.#.......
#....................
####......######.....
##.g#####....#####.
#####g@g###........###.
#......g##....##....##.
###.....#............#.
###..##............#.
#.##.....####....#.
#.##...### ###.<#.
#.##..## #.##.
#.##...### ###....
#.##.....####......


You could see Robin and 3 goblins.

Vanquished Creatures
  A dart slug (D:1)
  4 endoplasms (D:1)
  4 goblins
  A hobgoblin (D:1)
  A bat (D:1)
  2 rats (D:1)
13 creatures vanquished.

Notes
Turn   | Place    | Note
-------+----------+-------------------------------------------
     0 | D:1      | Shayle the Coglin Alchemist began the quest for the Orb.
     0 | D:1      | Reached XP level 1. HP: 13/13 MP: 3/3
   171 | D:1      | Reached skill level 1 in Fighting
   171 | D:1      | Reached XP level 2. HP: 19/21 MP: 0/4
   474 | D:1      | Reached skill level 1 in Ranged Weapons
  1064 | D:2      | Noticed Robin
  1097 | D:2      | Noticed an ogre
  1194 | D:1      | Slain by a goblin

Illustrated notes

Levels and vault maps discovered:
D:1:      minmay_arrival_loop, layout_basic
D:2:      layout_loops_ring, kennysheep_generic_room_3, uniq_robin

Skill      XL: |  1  2 |
---------------+-------+-----
Fighting       | 1 |  1.4
Ranged Weapons | 1 |  1.2
Dodging        | |  1.7
Stealth        | |  1.5
Spellcasting   | |  1.7
Conjurations   | |  0.8
Alchemy        | |  3.2

Action                     || total
---------------------------++-------
  Melee: Unarmed           ||     9
         Dagger            ||    26
   Cast: Sting             ||    10
    Use: Potion            ||     1
 Armour: Robe              ||    15
         Ring mail         ||    21
  Dodge: Dodged            ||    27

Table legend: (Time is in decaauts)
 A = Elapsed time spent in this place.
 B = Non-inter-level travel time spent in this place.
 C = Inter-level travel time spent in this place.
 D = Time resting spent in this place.
 E = Time spent auto-exploring this place.
 F = Levels seen in this place.
 G = Mean time per level.
                   A        B        C        D        E       F      G
               +--------+--------+--------+--------+--------+-----+--------+
         Total |   1195 |   1064 |    131 |     46 |    799 |   2 |  597.5 |
       Dungeon |   1195 |   1064 |    131 |     46 |    799 |   2 |  597.5 |
               +--------+--------+--------+--------+--------+-----+--------+

Top non-repeatable levels by time:
     D:1: 1166 daAuts
     D:2: 29 daAuts
